 Dungeon Crawl Stone Soup version 0.31-b1-22-gc680215f68 (webtiles) character file.

Game seed: 12521163193933581837

504 hawla the Scratcher (level 6, 0/30 HPs)
             Began as a Felid Shapeshifter on Jan 18, 2024.
             Slain by a gnoll
             ... wielding a +0 halberd
              (10 damage)
             ... on level 5 of the Dungeon.
             The game lasted 00:11:20 (3618 turns).

hawla the Scratcher (Felid Shapeshifter)            Turns: 3618, Time: 00:11:20

Health: 0/30       AC:  2    Str: 12    XL:     6   Next: 96%
Magic:  7/7        EV: 17    Int: 14    God:
Gold:   226        SH:  0    Dex: 15    Spells: 5/5 levels left
                                        Lives:  0   Deaths: 2

rFire   . .          .
                       - Unarmed
rCold   . . .        (shield unavailable)
rNeg    . . .        (body armour unavailable)
rPois   +            (helmet unavailable)
rElec   .            (cloak unavailable)
rCorr   .            (gloves unavailable)
SInv    +            (boots unavailable)
Will    .....        (no amulet)
Stlth   +            e - ring of poison resistance
HPRegen 0.25/turn    (no ring)
MPRegen 0.10/turn

%: no passive effects
@: beast-form
A: beast (slay +3), very small, claws 1, fangs 3, see invisible, shaggy fur 2,
stealthy paws, no weapons or thrown items, no armour, multi-lived
a: Begin Untransformation


You were on level 5 of the Dungeon.
You were a hulking beast.
You visited 2 branches of the dungeon, and saw 6 of its levels.

You collected 226 gold pieces.

Inventory:

Jewellery
 e - a ring of poison resistance (left paw)
Talismans
 b - a beast talisman
 c - a flux talisman
Scrolls
 d - a scroll of fog
 f - a scroll of revelation
 k - 3 scrolls of teleportation
 l - 3 scrolls of immolation
Potions
 g - 2 potions of resistance
 i - a potion of brilliance


   Skills:
 - Level 1.0 Fighting
 - Level 3.0 Dodging
 + Level 5.5 Unarmed Combat
 + Level 5.3 Shapeshifting


You had 5 spell levels left.
You didn't know any spells.
Your spell library was empty.

Dungeon Overview and Level Annotations

Branches:
Dungeon (5/15)             Temple (1/1) D:4

Altars:
Cheibriados
Dithmenos
Gozag
Hepliaklqana
Kikubaaqudgha
Nemelex Xobeh
Okawaru
Qazlal
Trog
Uskayaw
Zin
The Shining One

Annotations:
D:3 2 transporters, VoidStrider's ghost, weakling OnAE


Innate Abilities, Weirdness & Mutations

You are a hulking beast.
Your limbs bulge with bestial killing power. (Slay +3)
You have sharp claws.
You have razor-sharp teeth.
You have supernaturally acute eyesight. (SInv)
You are covered in thick fur. (AC +2)
Your paws help you pounce on unaware monsters.
You are incapable of wielding weapons or throwing items.
You cannot wear armour.
You gain extra lives every three experience levels.


Message History

A sleepcap is nearby!
There is a stone staircase leading up here.
You see here a scroll of amnesia.
You scratch the sleepcap but do no damage.
You claw the sleepcap, but do no damage.
The sleepcap misses you.
You scratch the sleepcap but do no damage.
You scratch the sleepcap but do no damage.
You claw the sleepcap.
The sleepcap is moderately damaged.
The sleepcap releases spores at you.
You scratch the sleepcap.
You bite the sleepcap, but do no damage.
The sleepcap is moderately damaged.
The sleepcap completely misses you.
You scratch the sleepcap but do no damage.
The sleepcap is moderately damaged.
The sleepcap closely misses you.
You scratch the sleepcap but do no damage.
The sleepcap is moderately damaged.
The sleepcap releases spores at you but does no damage.
You scratch the sleepcap.
The sleepcap is heavily damaged.
The sleepcap releases spores at you but does no damage.
You scratch the sleepcap but do no damage.
The sleepcap is heavily damaged.
The sleepcap closely misses you.
You scratch the sleepcap but do no damage.
The sleepcap is heavily damaged.
The sleepcap closely misses you.
You scratch the sleepcap.
The sleepcap is severely damaged.
The gnoll misses you. The sleepcap releases spores at you.
You scratch the sleepcap.
The sleepcap is severely damaged.
The gnoll hits you from afar with a +0 halberd!
Ouch! That really hurt!
The sleepcap closely misses you.
The gnoll hits you from afar with a +0 halberd!
You die...

....#.................#
.....................##
.....................#
....................##
....................#
..[.................#
.......g)#..........#
####....f############
#......)h.......
#.######.####### #
#.....# #.#.#.#
#......# ... #.. # ###.
###. # . ##


You could see a sleepcap and a gnoll.

Vanquished Creatures
  An ogre (D:5)
  A jelly (D:5)
  2 hounds
  2 orc priests (D:4)
  4 orc wizards
  5 gnolls
  2 adders
  4 dart slugs
  3 ribbon worms (D:2)
  7 orcs
  A bat (D:3)
  4 endoplasms
  5 giant cockroaches
  14 goblins
  11 hobgoblins
  4 quokkas (D:2)
  6 ball pythons
  6 frilled lizards
  9 kobolds
  5 rats
96 creatures vanquished.

Notes
Turn   | Place    | Note
-------+----------+-------------------------------------------
     0 | D:1      | hawla the Felid Shapeshifter began the quest for the Orb.
     0 | D:1      | Reached XP level 1. HP: 10/10 MP: 2/2
   167 | D:1      | Reached XP level 2. HP: 14/14 MP: 3/3
   475 | D:1      | Found a faded altar of an unknown god.
   588 | D:1      | Reached XP level 3. HP: 18/18 MP: 4/4
  1253 | D:2      | Reached XP level 4. HP: 22/22 MP: 5/5
  1253 | D:2      | Gained a life (2 lives remaining)
  1702 | D:3      | Found a hazy altar of Hepliaklqana.
  1738 | D:3      | Slain by an orc wizard
  1738 | D:3      | Lost a life (1 life remaining)
  2099 | D:3      | Noticed an ogre
  2100 | D:3      | Noticed VoidStrider's ghost (weakling OnAE)
  2100 | D:3      | Noticed an ogre
  2101 | D:3      | Found a transporter.
  2102 | D:3      | Noticed an ogre
  2114 | D:3      | Found a transporter.
  2505 | D:4      | Found a staircase to the Ecumenical Temple.
  2539 | D:4      | Slain by an orc
  2539 | D:4      | Lost a life (0 lives remaining)
  2540 | D:4      | Reached XP level 5. HP: 25/25 MP: 6/6
  2562 | Temple   | Entered the Ecumenical Temple
  2760 | D:4      | Gained mutation: You are covered in thick fur. (AC +2)
                  | [Felid growth]
  2760 | D:4      | Reached XP level 6. HP: 7/30 MP: 7/7
  3004 | D:4      | Found a glowing silver altar of Zin.
  3004 | D:4      | Noticed an angel
  3050 | D:4      | Reached skill level 5 in Unarmed Combat
  3386 | D:5      | Entered Level 5 of the Dungeon
  3399 | D:5      | Reached skill level 5 in Shapeshifting
  3618 | D:5      | Slain by a gnoll

Illustrated notes

Levels and vault maps discovered:
D:1:      dpeg_arrival_three_same_balls, layout_loops_cross,
          ebering_ecumenical_altar_rust
D:2:      layout_basic, kennysheep_generic_room_6
D:3:      layout_basic, lemuel_round_altar, gammafunk_ghost_smash
D:4:      layout_gridville, zin_angel, minmay_temple_entry_slanted
D:5:      layout_basic, gammafunk_temple_overflow_forgotten,
          nicolae_figureground_pulse, uniq_ijyb, uniq_crazy_yiuf_cottage
Temple:   zaba_magenta_temple

Skill      XL: |  1  2  3  4  5  6 |
---------------+-------------------+-----
Dodging        | 3 |  3.0
Shapeshifting  | 3 4 5 |  5.3
Unarmed Combat | 4 5 |  5.5
Fighting       | |  1.0

Action                     |  1- 3 |  4- 6 || total
---------------------------+-------+-------++-------
  Melee: Unarmed           |   104 |   147 ||   251
         Bite              |     9 |    23 ||    32
         Punch             |     2 |     8 ||    10
    Use: Scroll            |     3 |     8 ||    11
         Potion            |     2 |     4 ||     6
 Armour: Skin              |    45 |    63 ||   108
  Dodge: Dodged            |    70 |   106 ||   176
